 Dungeon Crawl Stone Soup version 0.27.0-66-gdc8fb28755 (webtiles) character file.

Game seed: 4357047659171860000

285 ZARRMARR the Chiller (level 6, 0/46 HPs)
             Began as a Ghoul Ice Elementalist on Aug 20, 2021.
             Slain by a scorpion (7 damage)
             ... in an ossuary.
             The game lasted 00:15:36 (3430 turns).

ZARRMARR the Chiller (Ghoul Ice Elementalist)       Turns: 3430, Time: 00:15:37

Health: 0/46       AC:  3    Str: 12    XL:     6   Next: 29%
Magic:  9/9        EV: 12    Int: 12    God:
Gold:   66         SH:  0    Dex:  9    Spells: 10/11 levels left

rFire    . . .     SeeInvis .     - Unarmed
rCold    + . .     Faith    .   (no shield)
rNeg     + + +     Spirit   .   a - +0 robe
rPois    ∞         Reflect  .   (no helmet)
rElec    .         Harm     .   l - +0 cloak
rCorr    .         Rampage  .   (no gloves)
Will     .....                  (no boots)
Stlth    ++........             c - amulet of regeneration
HPRegen  0.00/turn              (no ring)
MPRegen  0.11/turn              (no ring)

@: inhibited regen
A: claws 1, cold resistance 1, negative energy resistance 3, inhibited
regeneration, torment resistance 2
a: no special abilities


You were in an ossuary.
You visited 1 branch of the dungeon, and saw 5 of its levels.
You also visited: Ossuary.

You collected 66 gold pieces.

Inventory:

Hand Weapons
 m - a +4 vampiric quarterstaff
Missiles
 b - 4 datura-tipped darts (quivered)
Armour
 a - a +0 robe (worn)
 l - a +0 cloak (worn)
Magical Staves
 e - a staff of death
Jewellery
 c - an amulet of regeneration (around neck)
Scrolls
 d - a scroll of identify {unknown}
Potions
 j - a potion of cancellation {unknown}
 k - 3 potions of curing {unknown}


   Skills:
 + Level 0.4 Fighting
 + Level 2.5 Dodging
 + Level 2.8 Stealth
 + Level 2.7 Unarmed Combat
 + Level 3.1 Spellcasting
 + Level 5.9 Ice Magic


You had 10 spell levels left.
You knew the following spells:

 Your Spells              Type           Power      Damage    Failure   Level
a - Freeze                Ice            64%        1d8       2%          1

Your spell library contained the following spells:

 Spells                   Type           Power      Damage    Failure   Level
 Frozen Ramparts          Ice            32%        1d5       6%          3
 Ozocubu's Armour         Ice            16%        N/A       6%          3
 Hailstorm                Conj/Ice       8%         3d4       58%         4


Dungeon Overview and Level Annotations

Branches:
Dungeon (5/15)            Ossuary (1/1)
 Temple: D:4-7

Altars:
Nemelex Xobeh
Vehumet

Shops:
D:2 (


Innate Abilities, Weirdness & Mutations

You thrive by killing the living.
You are immune to poison.
You have sharp fingernails.
Your flesh is cold resistant. (rC+)
You are immune to negative energy. (rN+++)
You do not regenerate when monsters are visible.
You are immune to unholy pain and torment.


Message History

The scorpion misses you.
You barely miss the scorpion.
The scorpion is lightly wounded.
The scorpion stings you.
You scratch the scorpion.
The scorpion is moderately wounded.
The scorpion closely misses you.
You scratch the scorpion but do no damage.
The scorpion is moderately wounded.
The scorpion closely misses you.
You scratch the scorpion but do no damage.
The scorpion is moderately wounded.
The scorpion stings you. The scorpion stings you!
You scratch the scorpion.
The scorpion is severely wounded.
The scorpion stings you.
You scratch the scorpion but do no damage.
The scorpion is severely wounded.
The scorpion stings you but does no damage.
There is an open door here.
There is an open door here.
The scorpion barely misses you.
You scratch the scorpion.
The scorpion is severely wounded.
The scorpion stings you but does no damage.
You scratch the scorpion but do no damage.
The scorpion is severely wounded.
The scorpion barely misses you.
You barely miss the scorpion.
The scorpion is severely wounded.
The scorpion stings you.
* * * LOW HITPOINT WARNING * * *
You closely miss the scorpion.
The scorpion is severely wounded.
The scorpion stings you.
* * * LOW HITPOINT WARNING * * *
You closely miss the scorpion.
The scorpion is severely wounded.
The scorpion stings you!
You die...

#...........#
#.....8.....#
#.....#.....#
#.....#.....#
##########'#######+##
#...#...#...#!??#
#...8...'...#?.?+
#.....s.#...#!"!#
##8..@8##############
#.......#...#...#...#
#...8...#...8...'.∩.#
#...#...#.......#...#
######'###8...8###'##
#..M#...#.......#...#
+?..#...'...8...#.∩.#
#!?!#...#...#...#...#
#####################


You could see a scorpion.

Vanquished Creatures
  A scorpion (D:4)
  A centaur zombie (Ossuary)
  Crazy Yiuf (D:2)
  3 scorpion zombies (Ossuary)
  3 adders (D:2)
  A howler monkey skeleton (D:4)
  A worm (D:4)
  A dart slug (D:1)
  6 bats
  3 endoplasms
  A gnoll zombie (Ossuary)
  5 goblins
  4 hobgoblins
  7 jackals (D:2)
  A quokka (D:2)
  5 ball pythons
  2 frilled lizards
  A hobgoblin zombie (Ossuary)
  3 kobolds
  A kobold zombie (Ossuary)
  4 rats
55 creatures vanquished.

Notes
Turn   | Place    | Note
-------+----------+-------------------------------------------
     0 | D:1      | ZARRMARR the Ghoul Ice Elementalist began the quest for the
                  | Orb.
     0 | D:1      | Reached XP level 1. HP: 14/14 MP: 2/2
   158 | D:1      | Reached XP level 2. HP: 4/20 MP: 3/3
  1385 | D:1      | Found a radiant altar of Vehumet.
  1464 | D:2      | Found Kemide's Weapon Emporium.
  1520 | D:2      | Found a runed translucent door.
  1521 | D:2      | Noticed Crazy Yiuf
  1648 | D:2      | Reached XP level 3. HP: 22/26 MP: 2/4
  1652 | D:2      | Reached skill level 1 in Unarmed Combat
  1831 | D:2      | Reached skill level 5 in Ice Magic
  1940 | D:2      | Found a faded altar of an unknown god.
  2217 | D:2      | Reached XP level 4. HP: 33/33 MP: 2/6
  2266 | D:2      | Found a sparkling altar of Nemelex Xobeh.
  2655 | D:2      | Killed Crazy Yiuf
  2942 | D:3      | You fall into a shaft and drop 2 floors!
  2942 | D:5      | Entered Level 5 of the Dungeon
  3053 | D:4      | Noticed a scorpion
  3058 | D:4      | Killed a scorpion
  3059 | D:4      | Reached XP level 5. HP: 32/38 MP: 2/8
  3117 | D:4      | Found a sand-covered staircase.
  3126 | Ossuary  | Entered an ossuary
  3244 | Ossuary  | Reached XP level 6. HP: 13/46 MP: 9/9
  3430 | Ossuary  | Slain by a scorpion

Illustrated notes

Levels and vault maps discovered:
D:1:      dpeg_arrival_water_altar, layout_loops_cross
D:2:      layout_loops_cross, basic_altar, shapermc_ecumenical_altar_flowoftime,
          serial_shops, nicolae_shop_crystal, roderic_lattice_a,
          uniq_crazy_yiuf_cottage
D:3:      wad_lake_hut, layout_basic, mainiacjoe_overflow_surrounded_room
D:4:      layout_basic, lightli_ossuary_entry_decrepit_ruins, uniq_edmund
D:5:      layout_basic, kennysheep_little_box, chei_slow_surprise,
          minmay_temple_entry_glassed_door
Ossuary:  ossuary_minmay_scorpions

Skill      XL: |  1  2  3  4  5 |
---------------+----------------+-----
Dodging        | 2 |  2.5
Unarmed Combat | 1 2 |  2.7
Ice Magic      | 5 |  5.9
Spellcasting   | 2 3 |  3.1
Fighting       | |  0.4
Stealth        | |  2.8

Action                   |  1- 3 |  4- 6 || total
-------------------------+-------+-------++-------
Melee: Unarmed           |    73 |    95 ||   168
       Punch             |       |     1 ||     1
Throw: Dart              |     2 |       ||     2
 Cast: Freeze            |    33 |    23 ||    56
  Use: Scroll            |       |     6 ||     6
 Stab: Sleeping          |     4 |     1 ||     5
Armor: Robe              |    37 |    14 ||    51
Dodge: Dodged            |    90 |    61 ||   151
